Unix NetHack Version 5.0.0-0 post-release - last build May  4 2026 22:22:43 (774f63e81ad911689b3a0859ea89b322d5daca8d,branch:main).

Game began 2026-05-10 09:48:40, ended 2026-05-10 10:05:12.

DiePARTEI, lawful male human Archeologist

      ----------            ----------------
     #-......d.|           #-..............|      -----
     #|.... @e.|           #|..............|    ##-..>|
     #|.........##         #---.------------    # |^..|        -------------
     #|........| #         ##  ###            ### |...|        |./][%[%]))!|
     #---------- ##         #    #######      #   |...-######  |.[[?*)!?[=(|
     ####         #   ########         #      #   |...|     ###-.])[%[%?[+)|
        #         #          ###0     #####   #   |...|        |[[.?*?!!?!/|
        #         ###  ------#       ---.-|---#   ---.-        |.%/)?%/)*.%|
   ---.-#           #  |.{..|#       |.......|#      #         |.?%+%%"?*)!|
   |.*.|#           #  |(*..|#       |.......|#                -------------
   |.>.-#           ###......#       |........#
   |...|               ------        |.......|
   -----                             |......<|
                                     |.......|
                                     ---------

DiePARTEI the Field Worker  St:13 Dx:8 Co:12 In:18 Wi:13 Ch:9  Lawful
Dlvl:3  $:24 HP:0(36) Pw:17(17) AC:7  Xp:4 T:1561  Hungry  

Latest messages:
 The dart hits the gnome.
 The gnome misses!
 The gnome hits!
 The gnome wields a crossbow!
 The gnome just misses!
 The gnome shoots 2 crossbow bolts!
 You are hit by the 1st crossbow bolt.
 You are hit by the 2nd crossbow bolt.
 The gnome shoots 2 crossbow bolts!
 The 1st crossbow bolt misses you.
 You are hit by the 2nd crossbow bolt!
 The gnome shoots 2 crossbow bolts!
 You are almost hit by the 1st crossbow bolt.
 The 2nd crossbow bolt misses you.
 You climb up the stairs.
 What do you want to drink? [uwB or ?*] w
 You feel better.
 Your movements are now unencumbered.
 What do you want to use or apply? [afgipstvJ or ?*] g
 What do you want to rub on the stone? [$O or ?*] O
 O - a worthless piece of violet glass.
 What do you want to throw? [$m or ?*] O
 In what direction? 8
 In what direction? 9
 You can't kick something that's in a pit!
 Ron's ghost touches you!
 Ron's ghost touches you!
 What do you want to ready? [$ or ?*] m
 m - 8 uncursed crossbow bolts (in quiver pouch).
 You lash the floating eye.
 You are frozen by the floating eye's gaze!
 You hear the chime of a cash register.
 Ron's ghost touches you!
 Ron's ghost touches you!
 Ron's ghost touches you!
 Ron's ghost touches you!
 You are beginning to feel hungry.
 Ron's ghost touches you!
 Ron's ghost touches you!
 Ron's ghost touches you!
 The little dog bites!
 The little dog bites!
 Ron's ghost touches you!
 The little dog bites!
 The little dog bites!
 The little dog bites!
 You die...
 Do you want your possessions identified? [ynq] (y) y
 Do you want to see your attributes? [ynq] (y) y
 Do you want an account of creatures vanquished? [ynaq] (y) q

Inventory:
 Coins    ('$')
  $ - 24 gold pieces
 Weapons  (')')
  m - 8 +0 crossbow bolts (in quiver pouch)
  a - a +2 bullwhip (weapon in right hand)
 Armor    ('[')
  k - an uncursed +2 orcish helm (being worn)
 Comestibles  ('%')
  q - an uncursed slime mold
  H - 2 uncursed bananas
  d - 5 uncursed food rations
  M - an uncursed lembas wafer
 Scrolls  ('?')
  N - a cursed scroll of gold detection
  G - a blessed scroll of remove curse
 Spellbooks  ('+')
  J - an uncursed spellbook of force bolt
  v - an uncursed spellbook of healing
  p - an uncursed spellbook of light
 Potions  ('!')
  u - a cursed potion of blindness
  w - an uncursed potion of healing
  B - 2 uncursed potions of water
 Rings    ('=')
  L - an uncursed ring of shock resistance
 Tools    ('(')
  s - an uncursed sack containing 1 item
  i - an uncursed oil lamp
  t - an uncursed skeleton key
  f - a tinning kit (0:70)
 Gems/Stones  ('*')
  g - an uncursed touchstone

Contents of the sack:
  a +0 pick-axe

DiePARTEI the Archeologist's attributes:

Background:
 You were a Field Worker, a level 4 male human Archeologist.
 You were lawful, on a mission for Quetzalcoatl
 who was opposed by Camaxtli (neutral) and Huhetotl (chaotic).
 You were right-handed.
 You were in the Dungeons of Doom, on level 3.
 You entered the dungeon 1561 turns ago.
 You had 143 experience points, 17 more were needed to attain level 5.

Basics:
 You had 0 out of 36 hit points.
 You had all 17 energy points (spell power).
 Your armor class was 7.
 Your wallet contained 24 zorkmids.
 Autopickup was off.

Final Characteristics:
 Your strength was 13 (limit:18/100).
 Your dexterity was 8 (limit:18).
 Your constitution was 12 (limit:18).
 Your intelligence was 18 (limit:18).
 Your wisdom was 13 (limit:18).
 Your charisma was 9 (limit:18).

Final Status:
 You were hungry.
 You were unencumbered.
 You were wielding a whip.
 You had basic skill with whip.

Final Attributes:
 You were devoutly aligned.
 You had automatic searching.
 You are dead.

Miscellaneous:
 You didn't encounter any bones levels.
 Total elapsed playing time was 16 minutes and 3 seconds.

Major events:
 Turn
    1: DiePARTEI the lawful male human Archeologist entered the dungeon
  250: attained the rank of Field Worker (level 3)
 1441: entered the Gnomish Mines
 1561: killed by a little dog, while frozen by a floating eye's gaze

Spells:
 Name                 Level Category     Fail Retention
 light                  1   divination    22%  76%-100%
 healing                1   healing       22%  76%-100%

Skills:
 Fighting Skills
   bare handed combat [Unskilled]
   two weapon combat  [Unskilled]
   riding             [Unskilled]
 Weapon Skills
   dagger             [Unskilled]
   knife              [Unskilled]
   pick-axe           [Basic]
   short sword        [Unskilled]
   saber              [Unskilled]
   club               [Unskilled]
   quarterstaff       [Unskilled]
   sling              [Unskilled]
   dart               [Unskilled]
   boomerang          [Unskilled]
   whip               [Basic]
   unicorn horn       [Unskilled]
 Spellcasting Skills
   attack spells      [Unskilled]
   healing spells     [Unskilled]
   divination spells  [Unskilled]
   matter spells      [Unskilled]

Voluntary challenges:
 Character rerolling was not enabled.
 You never genocided any monsters.
 You never polymorphed an object.
 You never changed form.
 You used no wishes.
Achievements:
 You attained the rank of Field Worker.
 You entered a shop.
 You entered the Gnomish Mines.

 The Dungeons of Doom: levels 1 to 3
    Level 1:
    Level 2:
       A general store, an altar, a fountain.
    Level 3: <- You were here.
       A general store, a fountain.
       Stairs down to The Gnomish Mines.
       Final resting place for
          you, killed by a little dog, while frozen by a floating eye's gaze.
 The Gnomish Mines:
    Level 4:


Vanquished creatures:
  a baby purple worm
  3 fog clouds
  a coyote
  2 manes
  a large kobold
  5 giant rats
  3 geckos
  3 jackals
  a fox
  a goblin
  4 grid bugs
  3 lichens
  a kobold zombie
  a newt
30 creatures vanquished.

No species were genocided or became extinct.

Game over:
                       ----------
                      /          \
                     /    REST    \
                    /      IN      \
                   /     PEACE      \
                  /                  \
                  |    DiePARTEI     |
                  |      24 Au       |
                  |   killed by a    |
                  |    little dog    |
                  |                  |
                  |                  |
                  |       2026       |
                 *|     *  *  *      | *
        _________)/\\_//(\/(/\)/\//\/|_)_______

Goodbye DiePARTEI the Archeologist...

You died in The Dungeons of Doom on dungeon level 3 with 754 points,
and 24 pieces of gold, after 1561 moves.
You were level 4 with a maximum of 36 hit points when you died.

